[Event "ICC tourney 1946 (30 5)"]
[Site "Internet Chess Club"]
[Date "2020.08.01"]
[Round "6"]
[White "BreatheChessAls"]
[Black "chessmaster0981"]
[Result "1-0"]
[ICCResult "Black checkmated"]
[WhiteElo "1500"]
[BlackElo "1352"]
[Opening "Queen's pawn: London system"]
[ECO "A45"]
[NIC "QP.07"]
[Time "19:30:36"]
[TimeControl "1800+5"]

1. d4 Nf6 2. Bf4 d5 3. e3 Bf5 4. Nd2 e6 5. c3 Bd6 6. Bg3 O-O 7. Ngf3 c5 8.
Qb3 Bxg3 9. hxg3 Qb6 10. dxc5 Qxb3 11. axb3 Nbd7 12. b4 a5 13. bxa5 Nxc5 14.
Be2 Bd3 15. Ne5 Bxe2 16. Kxe2 Nce4 17. Nxe4 Nxe4 18. Ra3 Rfd8 19. Rha1 Nc5
20. Nd3 Ne4 21. a6 bxa6 22. Rxa6 Rab8 23. Ra7 Nd6 24. Nb4 Rdc8 25. Kd3 Nc4
26. R1a2 Ne5+ 27. Ke2 Nc4 28. Rd7 Ra8 29. Rxa8 Rxa8 30. Rb7 Nxb2 31. Nxd5
Nc4 32. Ne7+ Kf8 33. Nc6 Nd6 34. Rb8+ Rxb8 35. Nxb8 Ne4 36. c4 Ke7 37. g4
Kd6 38. Na6 Kc6 39. f3 Kb6 40. fxe4 Kxa6 41. Kd3 Kb6 42. Kd4 Kc6 43. c5 f6
44. Kc4 e5 45. Kb4 Kc7 46. Kb5 Kb7 47. c6+ Kc7 48. Kc5 Kc8 49. Kd6 Kd8 50.
c7+ Kc8 51. Kc6 h6 52. Kd6 g6 53. Ke6 Kxc7 54. Kxf6 Kd6 55. Kxg6 Ke6 56.
Kxh6 Kf6 57. g5+ Kf7 58. Kh7 Kf8 59. g6 Ke7 60. g7 Kd7 61. g8=Q Kd6 62. Qd5+
Ke7 63. Qc6 Kf7 64. g4 Ke7 65. g5 Kf8 66. g6 Ke7 67. g7 Kf7 68. g8=Q+ Ke7
69. Qge8# {Black checkmated} 1-0

[Event "ICC tourney 1946 (30 5)"]
[Site "Internet Chess Club"]
[Date "2020.08.01"]
[Round "6"]
[White "Frankiechess11"]
[Black "HarleyQueen8"]
[Result "1-0"]
[ICCResult "Black checkmated"]
[WhiteElo "1539"]
[BlackElo "1575"]
[Opening "Sicilian: Richter-Rauzer, Keres variation"]
[ECO "B62"]
[NIC "SI.27"]
[Time "19:30:35"]
[TimeControl "1800+5"]

1. e4 c5 2. Nf3 d6 3. d4 cxd4 4. Nxd4 Nf6 5. Nc3 Nc6 6. Bg5 e6 7. Qd3 a6 8.
Nxc6 bxc6 9. O-O-O Be7 10. f4 Rb8 11. e5 dxe5 12. Qxd8+ Bxd8 13. fxe5 Nd7
14. Bf4 Bc7 15. Ne4 Bxe5 16. Nd6+ Bxd6 17. Rxd6 e5 18. Be3 O-O 19. Rxc6 Bb7
20. Rc7 Bc8 21. Bc4 Rb7 22. Rxc8 Rxc8 23. Bxa6 Rbc7 24. Bxc8 Rxc8 25. Rd1
Nf6 26. a4 Kf8 27. a5 Ng4 28. Bg1 Nf6 29. a6 Ne8 30. a7 Nc7 31. Rd7 Nb5 32.
Bc5+ Ke8 33. Re7+ Kd8 34. Rb7 Nxa7 35. Bxa7 Ke8 36. Rb8 Rxb8 37. Bxb8 f6 38.
b4 g5 39. b5 e4 40. Kd2 f5 41. c4 Kd7 42. Ke3 Kc8 43. Bd6 Kd7 44. c5 Kc8 45.
c6 h5 46. b6 Kd8 47. b7 Ke8 48. b8=Q+ Kf7 49. Qf8+ Ke6 50. Qe7+ Kd5 51. Qe5+
Kc4 52. Qxf5 g4 53. Qxh5 g3 54. hxg3 Kb3 55. Qb5+ Kc2 56. Be5 Kc1 57. Qb2+
Kd1 58. Qd2# {Black checkmated} 1-0

[Event "ICC tourney 1946 (30 5)"]
[Site "Internet Chess Club"]
[Date "2020.08.01"]
[Round "6"]
[White "OctopusYule"]
[Black "whyyoutrysohard"]
[Result "1-0"]
[ICCResult "Black resigns"]
[WhiteElo "1567"]
[BlackElo "1374"]
[Opening "Sicilian: dragon, Yugoslav attack, 7...O-O"]
[ECO "B76"]
[NIC "SI.17"]
[Time "19:30:37"]
[TimeControl "1800+5"]

1. e4 c5 2. Nf3 d6 3. d4 cxd4 4. Nxd4 Nf6 5. Nc3 g6 6. Be3 Bg7 7. f3 O-O 8.
Qd2 Nc6 9. g4 Be6 10. Nxe6 fxe6 11. O-O-O Rc8 12. h4 Ne5 13. Be2 Qa5 14. Kb1
Nc4 15. Bxc4 Rxc4 16. Bh6 Rf7 17. Bxg7 Rxg7 18. h5 b5 19. hxg6 hxg6 20. e5
b4 21. exf6 bxc3 22. Rh8+ Kf7 23. fxe7 cxd2 24. e8=Q+ Kf6 25. Qf8+ Rf7 26.
g5+ Qxg5 27. Qd8+ Kf5 28. Qxd6 Qf4 29. Qd3+ Kf6 30. Rxd2 Kg7 31. Rdh2 Rd4
32. R8h7+ Kf8 33. Qa3+ Kg8 34. Rh8+ Kg7 35. Rh1 Qd2 36. R8h7+ Kg8 37. Rh8+
Kg7 38. b3 Rdd7 39. Qb2+ {Black resigns} 1-0

[Event "ICC tourney 1946 (30 5)"]
[Site "Internet Chess Club"]
[Date "2020.08.01"]
[Round "6"]
[White "playtowin2020"]
[Black "ThunderingFish"]
[Result "1-0"]
[ICCResult "Black resigns"]
[WhiteElo "1411"]
[BlackElo "1496"]
[Opening "Sicilian: Anderssen variation"]
[ECO "B41"]
[NIC "SI.41"]
[Time "19:30:34"]
[TimeControl "1800+5"]

1. e4 c5 2. Nf3 e6 3. d4 cxd4 4. Nxd4 Nf6 5. Bd3 Nc6 6. Nxc6 bxc6 7. O-O d5
8. exd5 cxd5 9. Nc3 Be7 10. Bf4 O-O 11. Ne2 Bd6 12. Bxd6 Qxd6 13. Ng3 Ba6
14. Bxa6 Qxa6 15. Qd4 Rfc8 16. c3 Rab8 17. b3 Rc7 18. Rfe1 Rbc8 19. Re3 Qa3
20. Qd2 h5 21. f3 a5 22. Rae1 a4 23. Rb1 axb3 24. axb3 Qc5 25. Ne2 e5 26.
Kh1 e4 27. Nd4 exf3 28. gxf3 Re8 29. Rd3 Ra7 30. Rg1 Re5 31. Qf4 Nd7 32. Qh6
g6 33. f4 Re4 34. Qxh5 Nf6 35. Qg5 Qb6 36. f5 Nh7 37. Qh6 Ra6 38. Rh3 Rxd4
39. Qxh7+ {Black resigns} 1-0

[Event "ICC tourney 1946 (30 5)"]
[Site "Internet Chess Club"]
[Date "2020.08.01"]
[Round "6"]
[White "VincentT2008"]
[Black "pika0008"]
[Result "1-0"]
[ICCResult "Black checkmated"]
[WhiteElo "1340"]
[BlackElo "1354"]
[Opening "QGD Slav defense"]
[ECO "D13"]
[NIC "SL.01"]
[Time "19:31:17"]
[TimeControl "1800+5"]

1. d4 d5 2. c4 c6 3. Nc3 Nf6 4. cxd5 cxd5 5. Nf3 Nc6 6. Bf4 a6 7. e3 e6 8.
Be2 Be7 9. O-O O-O 10. Rc1 h6 11. a3 Re8 12. Na4 Bd6 13. Bxd6 Qxd6 14. b4
Nd7 15. Nc5 Nxc5 16. bxc5 Qc7 17. Rb1 Bd7 18. Qc2 Rab8 19. Rb6 e5 20. Rfb1
e4 21. Nd2 f5 22. Qb3 Bc8 23. Bxa6 bxa6 24. Rxb8 Nxb8 25. Qxb8 Qxb8 26. Rxb8
Bd7 27. Rxe8+ Bxe8 28. Nb1 Kf7 29. Kf1 Ke7 30. Ke2 Kd7 31. Kd2 Kc6 32. Kc3
Kb5 33. Kb3 a5 34. Nc3+ Ka6 35. Na4 g5 36. Nb6 f4 37. Kc3 h5 38. Nxd5 Bc6
39. Nf6 h4 40. d5 Bb5 41. Nxe4 fxe3 42. fxe3 g4 43. Nf6 g3 44. hxg3 hxg3 45.
Ne4 Bf1 46. Nxg3 Bxg2 47. Kc4 Bh3 48. e4 Kb7 49. c6+ Kc7 50. Kc5 Bc8 51. d6+
Kd8 52. Kb6 a4 53. d7 Bxd7 54. cxd7 Kxd7 55. Ka5 Ke6 56. Kxa4 Kd6 57. Kb5
Kc7 58. e5 Kd7 59. Kb6 Kc8 60. e6 Kd8 61. a4 Ke7 62. a5 Kxe6 63. a6 Kd7 64.
Kb7 Kd8 65. a7 Kd7 66. a8=Q Kd6 67. Qd8+ Kc5 68. Qd7 Kc4 69. Qd6 Kb5 70.
Qc6+ Kb4 71. Kb6 Ka3 72. Qb5 Ka2 73. Kc5 Ka1 74. Kc4 Ka2 75. Kc3 Ka1 76.
Qb2# {Black checkmated} 1-0

[Event "ICC tourney 1946 (30 5)"]
[Site "Internet Chess Club"]
[Date "2020.08.01"]
[Round "6"]
[White "saiabhi29"]
[Black "karuto2006"]
[Result "1/2-1/2"]
[ICCResult "Game drawn by repetition"]
[WhiteElo "1639"]
[BlackElo "1414"]
[Opening "Queen's pawn: London system"]
[ECO "A45"]
[NIC "QP.07"]
[Time "19:31:10"]
[TimeControl "1800+5"]

1. d4 Nf6 2. Bf4 d5 3. e3 e6 4. Nd2 Bd6 5. Bg3 O-O 6. Ngf3 c6 7. Bd3 Qc7 8.
O-O Nbd7 9. c3 b6 10. Qc2 h6 11. Rfe1 Bb7 12. e4 Bxg3 13. hxg3 c5 14. e5 Ng4
15. Rac1 Rac8 16. Qb1 Qc6 17. Nh4 g5 18. f3 Ngxe5 19. dxe5 gxh4 20. gxh4 Kh8
21. Nf1 Rg8 22. Nh2 c4 23. Bf1 Qc5+ 24. Kh1 Qf2 25. Re2 Qxh4 26. Rd1 Rg5 27.
Rd4 Qg3 28. Rg4 Rxg4 29. Nxg4 h5 30. Nf6 Nxf6 31. exf6 Rg8 32. Qd1 Rg6 33.
Qd4 h4 34. Rxe6 h3 35. Re8+ Kh7 36. Re2 Rh6 37. Kg1 Qg5 38. Qe3 Qxf6 39.
gxh3 Rg6+ 40. Rg2 d4 41. Qxd4 Qxf3 42. Rxg6 Kxg6 43. Qd6+ f6 44. Qd2 Qh1+
45. Kf2 Qf3+ 46. Ke1 Qg3+ 47. Kd1 Qf3+ 48. Qe2 Qd5+ 49. Kc1 Qg5+ 50. Qd2 Qg1
51. Qe2 Qg5+ 52. Qd2 Qg1 53. Qe2 Qg5+ 54. Qd2 Qg1 55. Qe2 Qg5+
{Game drawn by repetition}
1/2-1/2

[Event "ICC tourney 1946 (30 5)"]
[Site "Internet Chess Club"]
[Date "2020.08.01"]
[Round "6"]
[White "MARMAYOGI11"]
[Black "liguowh"]
[Result "0-1"]
[ICCResult "White resigns"]
[WhiteElo "1681"]
[BlackElo "1882"]
[Opening "Queen's bishop game"]
[ECO "D02"]
[NIC "QP.06"]
[Time "19:30:43"]
[TimeControl "1800+5"]

1. d4 Nf6 2. Nf3 d5 3. Bf4 e6 4. e3 c5 5. c3 Be7 6. h3 O-O 7. Nbd2 Nbd7 8.
Bd3 a6 9. a4 b6 10. Ne5 Bb7 11. Qf3 cxd4 12. exd4 Bd6 13. O-O h6 14. Qe2 Qc7
15. Bg3 Rfc8 16. f4 Re8 17. Rae1 b5 18. axb5 axb5 19. Bxb5 Ra2 20. Rb1 Rd8
21. Bh4 Rda8 22. Nxd7 Nxd7 23. f5 Nf8 24. f6 g6 25. Nf3 Ba6 26. Bxa6 R8xa6
27. Qd2 Bf4 28. Bg3 Bxd2 29. Bxc7 Ra7 30. Bd6 Be3+ 31. Kh2 Nh7 32. Ne5 Ng5
33. Be7 Ne4 34. Rbe1 Nd2 35. Nxg6 Nxf1+ 36. Rxf1 Rxb2 37. Rf3 Raa2 38. Rxe3
Rxg2+ 39. Kh1 fxg6 40. Rxe6 Rge2 41. Rxe2 Rxe2 42. c4 dxc4 43. Bb4 Re3 44.
d5 Rxh3+ 45. Kg2 Rd3 46. d6 c3 47. d7 c2 48. Ba3 Rxd7 49. Kf3 Rd1 50. Ke4
c1=Q 51. Bxc1 Rxc1 52. Ke5 Rc6 53. Kd5 Rxf6 54. Ke5 Kg7 55. Ke4 g5 56. Ke5
g4 57. Ke4 g3 58. Ke3 g2 59. Ke2 g1=Q 60. Kd3 Re6 {White resigns} 0-1

[Event "ICC tourney 1946 (30 5)"]
[Site "Internet Chess Club"]
[Date "2020.08.01"]
[Round "6"]
[White "FL2009"]
[Black "xx99754539"]
[Result "1-0"]
[ICCResult "Black resigns"]
[WhiteElo "1534"]
[BlackElo "2004"]
[Opening "Giuoco Piano"]
[ECO "C54"]
[NIC "IG.02"]
[Time "19:31:25"]
[TimeControl "1800+5"]

1. e4 e5 2. Nf3 Nc6 3. Bc4 Bc5 4. c3 Nf6 5. d4 exd4 6. e5 d5 7. Bb5 Ne4 8.
cxd4 Bb6 9. Nc3 O-O 10. O-O Be6 11. Re1 Nxc3 12. bxc3 f5 13. Ng5 Qe7 14. f4
h6 15. Nxe6 Qxe6 16. a4 a6 17. Bd3 Ne7 18. Ba3 c5 19. dxc5 Ba7 20. Qb3 Qc6
21. Kh1 Rab8 22. c4 d4 23. Be2 Bxc5 24. Bf3 Qc7 25. Bd5+ Kh8 26. Rab1 Bxa3
27. Qxa3 b5 28. axb5 axb5 29. Rxb5 Rxb5 30. cxb5 Rd8 31. Bf3 d3 32. Rd1 d2
33. g3 Nc8 34. Qb2 Qd7 35. b6 Qd3 36. Kg2 Qe3 37. b7 Nb6 38. Qb1 Kg8 39.
Qxf5 Qd4 40. e6 Kh8 41. e7 Rb8 42. Qf8+ {Black resigns} 1-0

[Event "ICC tourney 1946 (30 5)"]
[Site "Internet Chess Club"]
[Date "2020.08.01"]
[Round "6"]
[White "Zuiopal"]
[Black "Viking21"]
[Result "0-1"]
[ICCResult "White resigns"]
[WhiteElo "1394"]
[BlackElo "1614"]
[Opening "QGD: semi-Slav"]
[ECO "D31"]
[NIC "SL.06"]
[Time "19:30:59"]
[TimeControl "1800+5"]

1. d4 d5 2. c4 e6 3. Nc3 c6 4. cxd5 exd5 5. Bf4 Nf6 6. e3 Bf5 7. Bd3 Bxd3 8.
Qxd3 Bd6 9. Nge2 O-O 10. O-O Re8 11. Rab1 Ne4 12. Bxd6 Nxd6 13. b4 a6 14. a4
Nd7 15. b5 axb5 16. axb5 Qh4 17. bxc6 bxc6 18. Ng3 h5 19. Nf5 Nxf5 20. Qxf5
Nf6 21. h3 g6 22. Qf3 Kg7 23. Ne2 Ne4 24. Rb7 Re7 25. Rxe7 Qxe7 26. Rc1 Nd2
27. Qf4 Nc4 28. h4 Ra2 29. Nc3 Rd2 30. Nb1 Rb2 31. Qg5 Qb4 32. Nc3 Rb3 33.
Ne2 Qd2 34. Rxc4 dxc4 35. Qe5+ Kf8 36. Qd6+ Kg8 37. Qd8+ Kg7 38. Qe7 Rb1+
39. Kh2 Qxe2 40. Qe5+ Kh7 41. Qf6 Rb7 42. Qxc6 Ra7 43. Qb6 Qa2 {White
resigns} 0-1

[Event "ICC tourney 1946 (30 5)"]
[Site "Internet Chess Club"]
[Date "2020.08.01"]
[Round "6"]
[White "WCCJCB"]
[Black "Ben2008"]
[Result "1-0"]
[ICCResult "Black resigns"]
[WhiteElo "1786"]
[BlackElo "1730"]
[Opening "QGD: exchange, positional line"]
[ECO "D35"]
[NIC "QO.16"]
[Time "19:30:33"]
[TimeControl "1800+5"]

1. d4 d5 2. c4 e6 3. Nc3 Nf6 4. cxd5 exd5 5. Bg5 Be7 6. Qc2 O-O 7. e3 h6 8.
Bh4 c6 9. Bd3 Nbd7 10. Nge2 Ne8 11. Bxe7 Qxe7 12. O-O Nd6 13. Rad1 f5 14.
Qc1 Nf6 15. Nf4 Qf7 16. Be2 Nfe4 17. Nd3 Be6 18. Ne5 Qf6 19. f3 Nxc3 20.
Qxc3 Rae8 21. b4 Nf7 22. f4 Nxe5 23. fxe5 Qe7 24. Rf2 Kh7 25. Rdf1 Rf7 26.
Bd3 g6 27. a4 Ref8 28. a5 a6 29. Kh1 Qg5 30. Rf4 Kg7 31. g3 Qe7 32. Kg2 Qg5
33. Qc2 Qe7 34. Qb1 Qg5 35. R4f3 Qe7 36. Rf4 Qg5 37. h4 Qe7 38. h5 g5 39.
R4f2 Qd7 40. Be2 Kg8 41. Kg1 Qc8 42. g4 Qd7 43. gxf5 Bxf5 44. Bg4 Bxb1 45.
Bxd7 Rxf2 46. Rxf2 Bd3 47. Rxf8+ Kxf8 48. Bc8 Ke7 49. Bxb7 Kd7 50. e6+ Kxe6
51. Bxc6 Bc4 52. Kf2 Bd3 53. Ke1 Bc4 54. e4 dxe4 55. Bxe4 Kd6 56. Kf2 Ke6
57. Ke3 Kd6 58. Bd3 Bxd3 59. Kxd3 Kd5 60. b5 axb5 61. a6 Kc6 62. d5+ Kb6 63.
d6 Kxa6 64. d7 b4 65. d8=Q {Black resigns} 1-0

[Event "ICC tourney 1946 (30 5)"]
[Site "Internet Chess Club"]
[Date "2020.08.01"]
[Round "6"]
[White "KnightRyder3"]
[Black "Telos53"]
[Result "1-0"]
[ICCResult "Black resigns"]
[WhiteElo "1449"]
[BlackElo "1362"]
[Opening "Sicilian defense"]
[ECO "B27"]
[NIC "SI.43"]
[Time "19:30:55"]
[TimeControl "1800+5"]

1. e4 c5 2. Nf3 e5 3. Nxe5 Qe7 4. Nf3 Qxe4+ 5. Be2 Be7 6. O-O Nc6 7. Nc3 Qg6
8. Re1 Nf6 9. d4 cxd4 10. Nxd4 d6 11. Nb3 O-O 12. Bf4 Bf5 13. Rc1 Rfd8 14.
Bf3 Bf8 15. Nd5 Nxd5 16. Bxd5 Nb4 17. Re2 Rac8 18. Bxb7 Rxc2 19. Rexc2 Bxc2
20. Qd2 Bxb3 21. Qxb4 Bxa2 22. Qa5 Qf6 23. Bg5 Qxb2 24. Qxd8 Qxb7 25. Rc8
Qb1+ 26. Bc1 h6 27. Qxf8+ Kh7 28. Qxd6 a5 29. Qd8 a4 30. Qh8+ Kg6 31. Rc6+
Be6 32. Qa8 Qe4 33. Qa6 Kh7 34. h3 Bd5 35. Rxh6+ gxh6 36. Qf1 Qc4 37. Qxc4
Bxc4 38. Kh2 Kg6 39. Kg3 Bf1 40. Kf3 h5 41. h4 Kf5 42. g3 Ke5 43. g4 hxg4+
44. Kxg4 f5+ 45. Kg5 Ke4 46. h5 Bc4 47. h6 Bg8 48. Kg6 f4 49. Kg7 Bh7 50.
Kxh7 Kf3 51. Kg7 Kxf2 52. Bxf4 a3 53. Be5 {Black resigns} 1-0

[Event "ICC tourney 1946 (30 5)"]
[Site "Internet Chess Club"]
[Date "2020.08.01"]
[Round "6"]
[White "ryanwang"]
[Black "tricksterssbu"]
[Result "1-0"]
[ICCResult "Black resigns"]
[WhiteElo "1467"]
[BlackElo "1446"]
[Opening "Ruy Lopez: closed, Chigorin defense"]
[ECO "C97"]
[NIC "RL.12"]
[Time "19:31:25"]
[TimeControl "1800+5"]

1. e4 e5 2. Nf3 Nc6 3. Bb5 a6 4. Ba4 Nf6 5. O-O b5 6. Bb3 d6 7. c3 Be7 8. h3
Na5 9. Bc2 c5 10. d4 Qc7 11. Re1 O-O 12. a4 b4 13. Nbd2 Bd7 14. d5 Rab8 15.
c4 Ne8 16. b3 f5 17. exf5 Bxf5 18. Bxf5 Rxf5 19. Ne4 h6 20. Rb1 Rf7 21. Be3
Nf6 22. Nfd2 Rbf8 23. Nxf6+ Bxf6 24. Ne4 Nb7 25. Qg4 Kh8 26. Qg6 Qe7 27. Re2
a5 28. Rf1 Qe8 29. Kh2 Rd7 30. Qxe8 Rxe8 31. Bxh6 Nd8 32. g4 Rf8 33. Be3 Nf7
34. g5 Be7 35. Kg2 Kg8 36. h4 Bd8 37. Rh1 Bc7 38. Ree1 Nd8 39. Reg1 Rdf7 40.
Kf1 Rf3 41. Ke2 R3f5 42. h5 Bb8 43. g6 Bc7 44. h6 gxh6 45. Rxh6 Nb7 46. Rgh1
Nd8 47. Rh8+ Kg7 48. Bh6+ Kxh8 49. g7+ Kg8 50. gxf8=Q+ Rxf8 51. Bxf8 Kxf8
52. Rh7 Nf7 53. Ng5 Nxg5 54. Rxc7 Ne4 55. Ra7 Nc3+ 56. Kd2 Ne4+ 57. Ke3 Nc3
58. Rxa5 Ke8 59. Ra7 Kd8 60. Rh7 Kc8 61. a5 Na2 62. Kd2 Nc3 63. a6 Ne4+ 64.
Ke3 Nc3 65. a7 {Black resigns} 1-0

[Event "ICC tourney 1946 (30 5)"]
[Site "Internet Chess Club"]
[Date "2020.08.01"]
[Round "6"]
[White "chessw23"]
[Black "NonnaThat"]
[Result "1-0"]
[ICCResult "Black checkmated"]
[WhiteElo "1633"]
[BlackElo "1728"]
[Opening "Sicilian: Alapin's variation (2.c3)"]
[ECO "B22"]
[NIC "SI.47"]
[Time "19:30:40"]
[TimeControl "1800+5"]

1. e4 c5 2. c3 Nf6 3. e5 Nd5 4. d4 cxd4 5. Nf3 d6 6. cxd4 Nc6 7. Bc4 Nb6 8.
Bb3 d5 9. h3 Bf5 10. Nc3 e6 11. O-O Be7 12. Be3 O-O 13. Bc2 Bxc2 14. Qxc2
Nc4 15. Nd2 N4xe5 16. dxe5 d4 17. Bxd4 Nxd4 18. Qe4 Qb6 19. Nc4 Qc5 20. Ne3
Nc6 21. f4 Qb6 22. Na4 Qa5 23. Kh1 Rfd8 24. Rfd1 Rd2 25. Rxd2 Qxd2 26. Rd1
Qe2 27. Qd3 Qh5 28. Qb5 Rb8 29. Rd7 Qh6 30. Rxb7 Rxb7 31. Qxb7 Qxf4 32. Qxc6
Qxe3 33. Qc7 Qe1+ 34. Kh2 Qb4 35. Nc3 h6 36. a3 Qf4+ 37. Kh1 Bh4 38. Qxa7
Kh7 39. Qg1 Qxe5 40. Qb1+ g6 41. Qe4 Qg3 42. a4 Bg5 43. Qf3 Qe1+ 44. Kh2
Qe5+ 45. Kh1 Bf4 46. Qe4 Qb8 47. Qf3 Qb4 48. g3 Be5 49. Qxf7+ Bg7 50. Qxe6
Qxb2 51. Ne4 Qa1+ 52. Kg2 Qd4 53. a5 Qb2+ 54. Nf2 Qb7+ 55. Qe4 Qb5 56. Qa8
Bd4 57. a6 Qc5 58. Qb7+ Kh8 59. a7 Qxa7 60. Qxa7 Bxa7 61. Ne4 Kg7 62. Kf3
Bb8 63. g4 g5 64. Nc3 Be5 65. Nd5 Kg6 66. Ke4 Bg3 67. Ne7+ Kf6 68. Nf5 Be1
69. Nxh6 Kg6 70. Nf5 Ba5 71. Nd6 Bc7 72. Nc4 Bf4 73. Ne5+ Kf6 74. Nf3 Kg6
75. Kd5 Kf6 76. Ke4 Bc1 77. Ne1 Bf4 78. Nd3 Bd2 79. Kd5 Be3 80. Ne5 Bf4 81.
Nd7+ Ke7 82. Nc5 Kf6 83. Ne4+ Kg6 84. Ke6 Be3 85. Ng3 Bf4 86. Nh5 Bc1 87.
Nf6 Bf4 88. Nd5 Bc1 89. Ne7+ Kg7 90. Kf5 Kh6 91. Nd5 Bd2 92. Nf6 Bb4 93. Ne4
Be7 94. Ke6 Ba3 95. Kf6 Bc1 96. Nd6 Bf4 97. Nf7+ Kh7 98. Nxg5+ Kh6 99. Ne6
Bc1 100. h4 Bb2+ 101. Kf5 Kh7 102. g5 Kg8 103. h5 Ba1 104. Kg6 Bb2 105. h6
Kh8 106. Nd8 Kg8 107. h7+ Kf8 108. Nf7 Bg7 109. h8=Q+ Bxh8 110. Nxh8 Kg8
111. Nf7 Kf8 112. Kh7 Kxf7 113. g6+ Kf8 114. g7+ Kf7 115. g8=Q+ Ke7 116. Qg6
Kd7 117. Qf6 Kc7 118. Qe6 Kb7 119. Qd6 Ka7 120. Qc6 Kb8 121. Qd7 Ka8 122.
Kg6 Kb8 123. Kf5 Ka8 124. Ke6 Kb8 125. Kd5 Ka8 126. Kc6 Kb8 127. Qb7#
{Black checkmated}
1-0